 Dungeon Crawl Stone Soup version 0.27.1-34-g3ba077fa99 (webtiles) character file.

Game seed: 1774500893128401884

543 zeram the Shield-Bearer (level 7, -1/46 HPs)
             Began as an Octopode Fighter on Jan 3, 2022.
             Was an Initiate of Dithmenos.
             Slain by a yak (2 damage)
             ... on level 5 of the Dungeon.
             The game lasted 00:06:19 (3845 turns).

zeram the Shield-Bearer (Octopode Fighter)          Turns: 3845, Time: 00:06:20

Health: -1/46      AC:  3    Str: 15    XL:     7   Next: 27%
Magic:  13/13      EV: 15    Int: 18    God:    Dithmenos [......]
Gold:   27         SH:  0    Dex: 18    Spells: 6/6 levels left

rFire    . . .     SeeInvis .   d - +6 Majin-Bo {vamp, MP+6 Int+6}
rCold    . . .     Faith    .   (shield currently unavailable)
rNeg     . . .     Spirit   .   (helmet restricted)
rPois    .         Reflect  .   (no amulet)
rElec    +         Harm     .   m - +6 ring of dexterity
rCorr    .         Rampage  .   (no ring)
Will     .....                  (no ring)
Stlth    +++.......             (no ring)
HPRegen  0.15/turn              (no ring)
MPRegen  0.13/turn              (no ring)
                                (no ring)
                                (no ring)

@: no status effects
A: almost no armour, amphibious, 8 rings, camouflage 1, gelatinous body 1,
(nimble swimmer 1), tentacles, iridescent scales 1, electricity resistance
a: Renounce Religion


You were on level 5 of the Dungeon.
You worshipped Dithmenos.
Dithmenos was noncommittal.
You visited 2 branches of the dungeon, and saw 5 of its levels.
You also visited: Sewer.

You collected 209 gold pieces.
You spent 182 gold pieces at shops.

Inventory:

Hand Weapons
 a - a +1 trident of flaming
 d - the +6 Majin-Bo (weapon) {vamp, MP+6 Int+6}
   (You acquired it on level 4 of the Dungeon)

   It occasionally heals its wielder for a portion of the damage dealt when they
   wound a living foe with it or with a spell.
   Its wielder's spells cost health as well as magical power.
   Int:       It affects your intelligence (+6).
   MP:        It affects your magic capacity (+6).
Armour
 b - a +2 kite shield
Jewellery
 m - a +6 ring of dexterity (left tentacle)
Wands
 c - a wand of iceblast (12)
Scrolls
 h - a scroll of fear
Potions
 f - 2 potions of curing
 g - a potion of cancellation
 i - a potion of attraction
 j - 6 potions of flight
 k - 3 potions of heal wounds
 l - a potion of haste {unknown}
 n - a potion of brilliance {unknown}


   Skills:
 - Level 3.2 Fighting
 - Level 2.2 Polearms
 + Level 5.0 Dodging
 - Level 0.7 Stealth
 - Level 6.7 Shields


You had 6 spell levels left.
You didn't know any spells.
Your spell library contained the following spells:

 Spells                   Type           Power      Damage    Failure   Level
 Portal Projectile        Hex/Tloc       0%         N/A       54%         3
 Blade Hands              Tmut           0%         N/A       99%         5
 Excruciating Wounds      Necr           0%         N/A       99%         5


Dungeon Overview and Level Annotations

Branches:
Dungeon (5/15)             Temple (1/1) D:4           Sewer (visited)

Altars:
Ashenzari
Dithmenos
Elyvilon
Hepliaklqana
Kikubaaqudgha
Makhleb
Nemelex Xobeh
Qazlal
Ru
Sif Muna
Uskayaw
Wu Jian
Xom
Yredelemnul
The Shining One

Shops:
D:5 !*


Innate Abilities, Weirdness & Mutations

You cannot wear most types of armour.
You are amphibious.
You can wear up to eight rings at the same time.
Your skin changes colour to match your surroundings (Stealth+).
Your rubbery body absorbs attacks. (AC +1, EV +1)
((You are camouflaged near water. (Stealth+)))
You have tentacles for arms and can constrict up to eight enemies at once.
You are partially covered in iridescent scales. (AC +2)
You are resistant to electric shocks. (rElec)


Message History

A hound skeleton is nearby!
A hound skeleton is nearby!
A hound skeleton is nearby!
The hound skeleton closely misses you.
You barely miss the hound skeleton. You grab the hound skeleton.
You squeeze the hound skeleton!
The hound skeleton is moderately damaged.
You constrict the hound skeleton. The hound skeleton barely misses you.
The hound skeleton closely misses you.
You thump the hound skeleton! You squeeze the hound skeleton.
You destroy the hound skeleton!
Dithmenos accepts your kill.
Your Dodging skill increases to level 5!
No target in view!
A yak comes into view.
A yak is nearby!
A yak is nearby!
A yak is nearby!
A yak is nearby! 2 yaks come into view.
Found a stone staircase leading down.
The yak bellows!
The yak bellows! x2
The yak misses you.
You hit the yak. You squeeze the yak.
The yak is moderately wounded.
The yak gores you.
The yak gores you! x2; The yak misses you.
The yak barely misses you.
You hit the yak.
You feel better.
You squeeze the yak.
The yak is moderately wounded.
The yak gores you! The yak gores you.
* * * LOW HITPOINT WARNING * * *
The yak gores you!
* * * LOW HITPOINT WARNING * * *
Unknown command.
The yak gores you but does no damage. x2
You barely miss the yak. You squeeze the yak!
The yak is heavily wounded.
The yak gores you.
You die...

# .# .# ########.####.
#.............
#.....YY...... ###
#....Y@...>... #..
#..########### #.# #..#
.... #.# #..# .... #.#
#..# ... #.## #..#..#
#######.#...
#..#..#............#.##
#..'..#............#.#.
#..#..#............#.#.


You could see 3 yaks.

Vanquished Creatures
  A water moccasin (D:5)
  An ogre (D:5)
  A phantom (D:4)
  A bullfrog (D:4)
  A water moccasin zombie (D:5)
  A hound (D:5)
  A bullfrog skeleton (D:4)
  A hound skeleton (D:5)
  2 adders
  A white imp (D:5)
  3 worms (Sewer)
  9 bats
  7 endoplasms
  5 giant cockroaches
  3 goblins
  3 hobgoblins (D:1)
  6 jackals
  5 kobolds
  4 quokkas
  4 ball pythons
  3 frilled lizards
  3 rats (D:1)
66 creatures vanquished.

Notes
Turn   | Place    | Note
-------+----------+-------------------------------------------
     0 | D:1      | zeram the Octopode Fighter began the quest for the Orb.
     0 | D:1      | Reached XP level 1. HP: 16/16 MP: 1/1
   276 | D:1      | Reached XP level 2. HP: 21/21 MP: 2/2
   542 | D:1      | Found a faded altar of an unknown god.
   777 | D:1      | Reached XP level 3. HP: 23/26 MP: 3/3
   967 | D:2      | You fall into a shaft and drop 2 floors!
  1114 | D:4      | Found a staircase to the Ecumenical Temple.
  1224 | D:4      | Reached skill level 4 in Shields
  1224 | D:4      | Reached XP level 4. HP: 13/31 MP: 4/4
  1228 | Temple   | Entered the Ecumenical Temple
  1640 | Temple   | Became a worshipper of Dithmenos the Shadowed
  1855 | D:4      | Noticed a bullfrog
  1863 | D:4      | Killed a bullfrog
  1864 | D:4      | Reached skill level 5 in Shields
  1864 | D:4      | Reached XP level 5. HP: 36/36 MP: 5/5
  1942 | D:4      | Noticed a phantom
  1958 | D:4      | Killed a phantom
  2332 | D:4      | Identified a scroll of acquirement
  2332 | D:4      | Acquired the +6 Majin-Bo {vamp, MP+6 Int+6}
  2332 | D:4      | Found the +6 Majin-Bo {vamp, MP+6 Int+6}
  2355 | D:5      | Entered Level 5 of the Dungeon
  2423 | D:5      | Reached skill level 6 in Shields
  2423 | D:5      | Reached XP level 6. HP: 35/42 MP: 6/6
  2536 | D:5      | Found a glowing drain.
  2553 | Sewer    | Entered a sewer
  3192 | Sewer    | Gained mutation: You are partially covered in iridescent
                  | scales. (AC +2) [potion of mutation]
  3192 | Sewer    | Gained mutation: You are resistant to electric shocks.
                  | (rElec) [potion of mutation]
  3277 | D:5      | Found Vuchet's Distillery.
  3282 | D:5      | Bought a potion of heal wounds for 70 gold pieces
  3282 | D:5      | Bought a potion of heal wounds for 70 gold pieces
  3282 | D:5      | Bought a potion of curing for 42 gold pieces
  3478 | D:5      | Found Obeosi's General Store.
  3780 | D:5      | Noticed a water moccasin
  3789 | D:5      | Killed a water moccasin
  3790 | D:5      | Reached XP level 7. HP: 46/46 MP: 7/7
  3834 | D:5      | Reached skill level 5 in Dodging
  3834 | D:5      | Noticed a yak
  3835 | D:5      | Noticed a yak
  3835 | D:5      | Noticed a yak
  3843 | D:5      | HP: 1/46 [yak (7)]
  3845 | D:5      | Slain by a yak

Illustrated notes

Levels and vault maps discovered:
D:1:      wander_arrival_fairy_ring, layout_basic,
          dreamdust_ecumenical_altar_statues
D:2:      layout_basic, serial_shops, shop, basic_altar,
          wander_ebering_terrifying_dragon_lair, uniq_natasha
D:4:      layout_basic, minmay_temple_entry_large_hall
D:5:      layout_basic, serial_shops, nicolae_shop_statue_plus,
          nicolae_shop_trees, portal_sewer_entry_d,
          chequers_serial_rivers_room_b, roderic_lattice_a,
          grunt_decor_junction, lemuel_flame_loot_1
Temple:   regret_index_temple_generic_petals

Skill      XL: |  1  2  3  4  5  6  7 |
---------------+----------------------+-----
Shields        | 4 5 6 |  6.7
Dodging        | 4 5 |  5.0
Fighting       | |  3.2
Polearms       | |  2.2
Stealth        | |  0.7

Action                   |  1- 3 |  4- 6 |  7- 9 || total
-------------------------+-------+-------+-------++-------
Melee: Trident           |    61 |    86 |       ||   147
       Constrict         |    13 |    14 |     1 ||    28
       Tentacles         |     6 |    18 |     5 ||    29
       Quarterstaff      |       |     7 |     5 ||    12
  Use: Scroll            |       |    11 |       ||    11
       Potion            |       |     2 |       ||     2
 Stab: Sleeping          |     7 |     7 |       ||    14
Armor: Skin              |     6 |     7 |     2 ||    15
Dodge: Dodged            |    16 |    41 |     6 ||    63
Block: Kite shield       |    23 |    44 |       ||    67
